 Dungeon Crawl Stone Soup version 0.29.1-4-g47bece8355 (webtiles) character file.

Game seed: 419781445795087588

63 fishmans the Cudgeller (level 4, -3/26 HPs)
             Began as a Gargoyle Gladiator on Dec 8, 2022.
             Slain by a hobgoblin
             ... wielding a +0 quarterstaff
             ... led by Robin
              (7 damage)
             ... on level 2 of the Dungeon.
             The game lasted 00:06:07 (2699 turns).

fishmans the Cudgeller (Gargoyle Gladiator)         Turns: 2699, Time: 00:06:08

Health: -3/26      AC:  7    Str: 19    XL:     4   Next: 9%
Magic:  4/4        EV: 12    Int:  9    God:
Gold:   90         SH:  0    Dex: 11    Spells: 3/3 levels left

rFire   . . .      SeeInvis .   a - +0 flail
rCold   . . .      Faith    .   (no shield)
rNeg    + . .      Spirit   .   b - +0 leather armour
rPois   ∞          Reflect  .   c - +0 helmet
rElec   +          Harm     .   (no cloak)
rCorr   .          Rampage  .   (no gloves)
Will    .....                   (no boots)
Stlth   +.........              (no amulet)
HPRegen 0.08/turn               (no ring)
MPRegen 0.09/turn               (no ring)

@: no status effects
A: sickness immunity, AC +3, negative energy resistance 1, electricity
resistance, torment resistance 1, petrification resistance
a: no special abilities


You were on level 2 of the Dungeon.
You visited 1 branch of the dungeon, and saw 2 of its levels.

You collected 90 gold pieces.

Inventory:

Hand Weapons
 a - a +0 flail (weapon)
Missiles
 d - 3 throwing nets (quivered)
 e - a javelin
Armour
 b - a +0 leather armour (worn)
 c - a +0 helmet (worn)
Scrolls
 i - 2 scrolls of identify
 j - a scroll of teleportation {unknown}
 k - 2 scrolls of enchant weapon {unknown}
 m - a scroll of brand weapon {unknown}
Potions
 f - a potion of degeneration {unknown}
 g - a potion of curing {unknown}
 h - 2 potions of heal wounds
 l - a potion of berserk rage {unknown}


   Skills:
 - Level 2.3 Fighting
 + Level 4.7 Maces & Flails
 - Level 1.8 Throwing
 - Level 2.4 Dodging


You had 3 spell levels left.
You didn't know any spells.
Your spell library contained the following spells:

 Spells                   Type           Power      Damage    Failure   Level
 Apportation              Tloc           0%         N/A       43%         1
 Necrotise                Necr           0%         1d4       43%         1
 Summon Small Mammal      Summ           0%         N/A       43%         1


Dungeon Overview and Level Annotations

Branches:
Dungeon (2/15)

Altars:

Shops:
D:1 =([

Annotations:
D:2 Robin


Innate Abilities, Weirdness & Mutations

You are immune to sickness and miasma.
Your stone body is resilient. (AC +3)
You are immune to poison.
You resist negative energy. (rN+)
You are resistant to electric shocks. (rElec)
You are resistant to unholy torment.
You are immune to petrification.


Message History

The ball python bites you. The ball python grabs you.
The ball python constricts you.
You see here a puce potion.
You closely miss the ball python. The ball python misses you.
The ball python constricts you. The ball python closely misses you.
The ball python constricts you.
You barely miss the ball python. The ball python barely misses you.
The ball python constricts you.
You closely miss the ball python.
The ball python bites you but does no damage.
The ball python constricts you. The ball python barely misses you.
The ball python constricts you.
You closely miss the ball python.
The ball python bites you but does no damage.
The ball python constricts you.
You hit the ball python.
You kill the ball python!
l - a puce potion You pick up a book of Cantrips and begin reading...
You add the spells Necrotise, Summon Small Mammal and Apportation to your library.
i - 2 scrolls of identify (gained 1)
m - a scroll labelled INIPTEAPPIS
There is an open door here.
You enter the shallow water.
Moving in this stuff is going to be slow.
You open the door.
There is an open door here.
The hobgoblin shouts!
Robin shouts!
Robin roars a battlecry!
The hobgoblin goes into a battle-frenzy!
You barely miss the hobgoblin. You barely miss the hobgoblin.
The hobgoblin hits you with a +0 quarterstaff!
The hobgoblin attacks as you move away!
The hobgoblin hits you with a +0 quarterstaff!
* * * LOW HITPOINT WARNING * * *
Robin points. "Kill!"
The hobgoblin hits you with a +0 quarterstaff!
You die...

.#.#~#~~##.#~~#........#.#
.'.####~~#.#~~###'#......#
##....#~~#.#~##........###
####..#~~#.#~#..........#
......#~##.#~#..........#
.....##~#...............#
.....#~~####....g.......#
....##~~#####....g#+###.#
....#~~##.......@##.# #.#
....~~~#.........<#.# #.#
...#.~##..........#.# #.#
...#.~##..........#.###.#
...#.###................#
.......#...............##
.......##..............#
....#...'..............#
......###........##'####


You could see Robin and a hobgoblin (strong).

Vanquished Creatures
  An adder (D:2)
  2 dart slugs
  4 ball pythons
  2 bats
  An endoplasm (D:1)
  2 giant cockroaches (D:2)
  8 goblins
  5 hobgoblins
  3 jackals (D:1)
  2 quokkas
  3 frilled lizards
  8 kobolds (D:1)
  4 rats
45 creatures vanquished.

Vanquished Creatures (others)
  10 plants (D:1)
10 creatures vanquished.

Grand Total: 55 creatures vanquished

Notes
Turn   | Place    | Note
-------+----------+-------------------------------------------
     0 | D:1      | fishmans the Gargoyle Gladiator began the quest for the
                  | Orb.
     0 | D:1      | Reached XP level 1. HP: 12/12 MP: 1/1
   254 | D:1      | Reached XP level 2. HP: 14/17 MP: 2/2
   405 | D:1      | Found Xaucwara's Antique Weapon Shoppe.
   683 | D:1      | Found Zumn's Armour Boutique.
   981 | D:1      | Reached XP level 3. HP: 21/21 MP: 3/3
   986 | D:1      | Found Hefutoda's Jewellery Shop.
  1516 | D:2      | Reached skill level 4 in Maces & Flails
  2121 | D:2      | Noticed Robin
  2153 | D:2      | Reached XP level 4. HP: 25/26 MP: 4/4
  2699 | D:2      | Slain by a hobgoblin

Illustrated notes

Levels and vault maps discovered:
D:1:      dpeg_arrival_tiny_e, layout_basic, serial_shops, shop,
          nicolae_shop_hallway_stairs, shop_statue, lexackson_kobold_supper
D:2:      layout_basic, serial_rivers, chequers_serial_rivers_large_b,
          chequers_serial_rivers_small_b, chequers_serial_rivers_marsh,
          chequers_serial_rivers_room_a, uniq_robin

Skill      XL: |  1  2  3 |
---------------+----------+-----
Maces & Flails | 4 |  4.7
Fighting       | |  2.3
Throwing       | |  1.8
Dodging        | |  2.4

Action                   |  1- 3 |  4- 6 || total
-------------------------+-------+-------++-------
Melee: Flail             |   135 |    14 ||   149
       Punch             |     1 |       ||     1
  Use: Scroll            |     3 |       ||     3
Armor: Leather armour    |    58 |     5 ||    63
Dodge: Dodged            |    92 |     9 ||   101
